Flyers vs Sharks (R1)

Created - November 20, 2020 at 20:30

Goals
1 2 3 T
Flyers 1 1 0 2
Sharks 0 3 0 3
Shots
1 2 3 T
Flyers 10 12 17 39
Sharks 15 11 10 36

1st period

1. Flyers , Drew Miller 5 (Mats Zuccarello 6, Brian Lashoff 3) at 11:33

Penalties :
Tyler Cuma (SJS) for Holding (Minor) at 0:26, Mats Zuccarello (Phi) for Boarding (Minor) at 3:37

2nd period

2. Sharks , Zach Boychuk 3 (Jiri Tlusty 5, Bobby Butler 7) at 2:49
3. Sharks , Jason Spezza 6 (Mike Cammalleri 2, PK Subban 7) at 5:06
4. Flyers , Marcus Kruger 4 (Jeff Carter 13, Nathan Beaulieu 4) at 7:40 (PP)
5. Sharks , Oskar Osala 7 (PK Subban 8, Joni Pitkanen 8) at 11:52 (PP)

Penalties :
Nick Palmieri (SJS) for Tripping (Minor) at 6:04, Mats Zuccarello (Phi) for Hooking (Minor) at 10:13, Joni Pitkanen (SJS) for Holding (Minor) at 16:32

3rd period

No Goal

Penalties :
T.J. Hensick (SJS) for Hooking (Minor) at 3:30, Tyler Cuma (SJS) for Holding (Minor) at 12:23

Goalie Stats

Steve Mason (Phi), 33 saves from 36 shots - (0.917), L, 6-4-3, 59:01 minutes
Ryan Miller (SJS), 37 saves from 39 shots - (0.949), W, 8-2-3, 60:00 minutes

Players Stats for Flyers

Player Name              G  A  P  +/- PIM S  H  SB GA TA FO     MP     PP MP  PK MP  
------------------------------------------------------------------------------------
Brian Lashoff            0  1  1  -1  0   0  1  0  0  1  0/0    17:38   0:00   2:23 
Brock Nelson             0  0  0  -1  0   1  1  0  1  0  0/0    13:32   0:00   0:00 
Chris Mcallister         0  0  0   0  0   1  0  0  0  0  0/0     9:10   0:00   1:42 
Drew Miller              1  0  1   1  0   5  0  1  1  0  0/1    17:49   4:41   1:43 
Erik Christensen         0  0  0   1  0   4  1  0  0  0  5/11   11:12   0:07   0:13 
J.T. Miller              0  0  0  -1  0   2  1  2  0  0  1/1    20:44   4:51   0:13 
Jakub Voracek            0  0  0  -1  0   3  1  0  0  0  2/2    18:18   4:41   0:00 
Jeff Carter              0  1  1  -1  0   6  2  0  1  0  18/29  19:47   4:49   0:00 
Jeff Woywitka            0  0  0   0  0   2  2  0  1  3  0/0    23:20   4:58   1:15 
Jonathan Ericsson        0  0  0   0  0   2  0  0  0  0  0/0    20:55   4:58   1:15 
Jordan Nolan             0  0  0  -1  0   2  3  0  1  0  7/18   19:51   4:36   1:43 
Marcus Kruger            1  0  1  -1  0   5  1  0  1  1  1/2    18:32   4:49   0:00 
Mats Zuccarello          0  1  1   1  4   1  1  0  0  1  0/0    10:39   0:00   0:00 
Matt Smaby               0  0  0  -1  0   1  1  0  0  0  0/0    15:15   0:00   0:00 
Matthew Lombardi         0  0  0   0  0   3  0  0  0  0  2/5     9:10   0:00   1:42 
Nathan Beaulieu          0  1  1   0  0   0  1  1  0  0  0/0    19:12   4:34   0:00 
Oliver Ekman-Larsson     0  0  0   0  0   0  2  0  2  1  0/0    23:40   4:34   2:23 
Ryan Callahan            0  0  0   0  0   1  0  0  0  0  0/0     7:36   0:02   0:00 

Players Stats for Sharks

Player Name              G  A  P  +/- PIM S  H  SB GA TA FO     MP     PP MP  PK MP  
------------------------------------------------------------------------------------
Andrej Sekera            0  0  0   1  0   1  0  1  0  2  0/0    19:39   0:00   4:17 
Bobby Butler             0  1  1   0  0   0  1  0  0  0  1/1     9:56   0:16   0:00 
Boone Jenner             0  0  0   1  0   0  1  0  0  0  0/1     6:53   0:00   0:42 
Brandon Dubinsky         0  0  0  -1  0   1  1  0  0  0  0/0    18:27   1:14   4:10 
Brayden McNabb           0  0  0   1  0   1  1  3  0  0  0/0    12:56   0:00   1:23 
Drew Doughty             0  0  0  -1  0   6  1  1  2  0  0/0    28:25   2:29   5:15 
Jason Spezza             1  0  1   1  0   2  3  0  0  0  13/34  24:12   1:55   5:02 
Jiri Tlusty              0  1  1   1  0   1  0  0  0  0  0/0     6:05   0:00   0:00 
Joni Pitkanen            0  1  1   1  2   1  0  0  0  0  0/0    13:00   1:09   0:15 
Luke Adam                0  0  0   0  0   0  1  0  0  0  3/4     9:25   0:00   0:00 
Mike Cammalleri          0  1  1   1  0   4  3  0  0  1  2/2    20:49   2:24   3:01 
Milan Michalek           0  0  0   0  0   2  3  1  0  0  0/0    11:56   0:37   0:00 
Nick Palmieri            0  0  0   1  2   7  3  0  1  1  0/1    24:13   2:00   4:18 
Oskar Osala              1  0  1  -1  0   4  4  0  2  0  1/1    14:17   1:14   0:00 
PK Subban                0  2  2   1  0   2  1  2  2  3  0/0    22:30   1:09   5:15 
T.J. Hensick             0  0  0  -1  2   1  0  0  0  0  12/24  14:17   1:14   0:00 
Tyler Cuma               0  0  0  -1  4   2  0  1  0  1  0/0    24:31   2:29   2:39 
Zach Boychuk             1  0  1   1  0   1  0  0  0  0  1/1     8:52   0:00   1:51 

3 Stars

1 - Ryan Miller (SJS)
2 - Jason Spezza (SJS)
3 - PK Subban (SJS)

Power Play

Flyers - 1 on 5 Attempt(s) - 20.00%
Sharks - 1 on 2 Attempt(s) - 50.00%

Penalty Kill

Flyers - 1 on 2 Attempt(s) - 50.00% - Score 0 goal in Penalty Kill
Sharks - 4 on 5 Attempt(s) - 80.00% - Score 0 goal in Penalty Kill

Team Stat

Flyers - Hits : 18 - Faceoff Wins : 36 - Blocked Shots : 4 - Penalty Minutes : 4
Sharks - Hits : 23 - Faceoff Wins : 33 - Blocked Shots : 9 - Penalty Minutes : 10

Official

Referees : Unknown
Linesman : Unknown

Game Notes

No Game Note

Finance

Level 1 -- Attendance: 4706 (78.43%) -- Ticket Income $541,190
Level 2 -- Attendance: 3847 (76.94%) -- Ticket Income $288,525
Level 3 -- Attendance: 1428 (71.40%) -- Ticket Income $71,400
Level 4 -- Attendance: 3279 (81.98%) -- Ticket Income $98,370
Luxury Box -- Attendance: 801 (80.10%) -- Ticket Income $168,210
Game was played at the Hockey Place Center.
Total Attendance: 14061 (78.12%)
Total Ticket Income: $1,167,695
Other Income: $175,154
Total Income: $1,342,849

Flyers

5 vs 5 Forward 
   Center                   Left Wing                Right Wing               Time % Phy DF OF 
 1 Jeff Carter              J.T. Miller              Marcus Kruger            33     0   1  4  
 2 Jordan Nolan             Brock Nelson             Jakub Voracek            32     0   1  4  
 3 Erik Christensen         Drew Miller              Mats Zuccarello          25     0   2  3  
 4 Matthew Lombardi         Chris Mcallister         Ryan Callahan            10     0   4  1  

5 vs 5 Defense 
   Defense                  Defense                                           Time % Phy DF OF 
 1 Oliver Ekman-Larsson     Jonathan Ericsson                                 30     1   3  1  
 2 Jeff Woywitka            Nathan Beaulieu                                   30     1   3  1  
 3 Brian Lashoff            Matt Smaby                                        30     1   3  1  
 4 Oliver Ekman-Larsson     Jeff Woywitka                                     10     1   3  1  

PowerPlay Forward 
   Center                   Left Wing                Right Wing               Time % Phy DF OF 
 1 Jeff Carter              J.T. Miller              Marcus Kruger            50     0   1  4  
 2 Jordan Nolan             Drew Miller              Jakub Voracek            50     0   1  4  

PowerPlay Defense
   Defense                  Defense                                           Time % Phy DF OF 
 1 Oliver Ekman-Larsson     Nathan Beaulieu                                   50     0   2  3  
 2 Jonathan Ericsson        Jeff Woywitka                                     50     0   2  3  

Penalty Kill 4 Players Forward 
   Center                   Wing                     Time % Phy DF OF 
 1 Matthew Lombardi         Chris Mcallister         50     0   4  1  
 2 Jordan Nolan             Drew Miller              50     0   4  1  

Penalty Kill 4 Players Defense
   Defense                  Defense                  Time % Phy DF OF 
 1 Oliver Ekman-Larsson     Brian Lashoff            50     1   4  0  
 2 Jeff Woywitka            Jonathan Ericsson        50     1   4  0  

Penalty Kill - 3 Players Forward 
   Forward                                           Time % Phy DF OF 
 1 Matthew Lombardi                                  50     0   4  1  
 2 Jordan Nolan                                      50     0   4  1  

Penalty Kill - 3 Players Defense
   Defense                  Defense                  Time % Phy DF OF 
 1 Oliver Ekman-Larsson     Brian Lashoff            50     1   4  0  
 2 Jeff Woywitka            Jonathan Ericsson        50     1   4  0  

4 vs 4 Forward 
   Center                   Wing                     Time % Phy DF OF 
 1 Jeff Carter              J.T. Miller              50     0   2  3  
 2 Jordan Nolan             Jakub Voracek            50     0   2  3  

4 vs 4 Defense
   Defense                  Defense                  Time % Phy DF OF 
 1 Oliver Ekman-Larsson     Nathan Beaulieu          50     1   3  1  
 2 Jeff Woywitka            Jonathan Ericsson        50     1   3  1  

Last Minutes Offensive
   Center                   Left Wing                Right Wing               Defense                  Defense                  
   Jeff Carter              J.T. Miller              Jakub Voracek            Oliver Ekman-Larsson     Jeff Woywitka            

Last Minutes Defensive
   Center                   Left Wing                Right Wing               Defense                  Defense                  
   Matthew Lombardi         Drew Miller              Mats Zuccarello          Oliver Ekman-Larsson     Brian Lashoff            

Goaltenders
Starting : Steve Mason              
Backup : Ray Emery                

Extra Forwards
Normal : Jeff Carter, Jordan Nolan, Drew Miller - PP : Jeff Carter, Jordan Nolan - PK : Drew Miller
Extra Defensemen
Normal : Oliver Ekman-Larsson, Jeff Woywitka, Jonathan Ericsson - PP : Oliver Ekman-Larsson - PK : Oliver Ekman-Larsson, Jeff Woywitka
Penalty Shots
Jeff Carter, Jordan Nolan, J.T. Miller, Marcus Kruger, Jakub Voracek

Scratches
None

Sharks

5 vs 5 Forward 
   Center                   Left Wing                Right Wing               Time % Phy DF OF 
 1 Jason Spezza             Mike Cammalleri          Nick Palmieri            40     1   2  2  
 2 T.J. Hensick             Brandon Dubinsky         Oskar Osala              30     1   2  2  
 3 Luke Adam                Milan Michalek           Bobby Butler             20     1   2  2  
 4 Boone Jenner             Zach Boychuk             Jiri Tlusty              10     1   2  2  

5 vs 5 Defense 
   Defense                  Defense                                           Time % Phy DF OF 
 1 Drew Doughty             Tyler Cuma                                        40     1   1  3  
 2 Andrej Sekera            PK Subban                                         30     1   2  2  
 3 Joni Pitkanen            Brayden McNabb                                    20     1   2  2  
 4 Drew Doughty             PK Subban                                         10     1   2  2  

PowerPlay Forward 
   Center                   Left Wing                Right Wing               Time % Phy DF OF 
 1 Jason Spezza             Mike Cammalleri          Nick Palmieri            60     1   1  3  
 2 T.J. Hensick             Brandon Dubinsky         Oskar Osala              40     1   1  3  

PowerPlay Defense
   Defense                  Defense                                           Time % Phy DF OF 
 1 Drew Doughty             Tyler Cuma                                        60     0   2  3  
 2 Joni Pitkanen            PK Subban                                         40     0   2  3  

Penalty Kill 4 Players Forward 
   Center                   Wing                     Time % Phy DF OF 
 1 Jason Spezza             Nick Palmieri            60     1   4  0  
 2 Mike Cammalleri          Brandon Dubinsky         40     1   4  0  

Penalty Kill 4 Players Defense
   Defense                  Defense                  Time % Phy DF OF 
 1 Drew Doughty             PK Subban                60     1   4  0  
 2 Andrej Sekera            Tyler Cuma               40     1   4  0  

Penalty Kill - 3 Players Forward 
   Forward                                           Time % Phy DF OF 
 1 Jason Spezza                                      60     1   4  0  
 2 Nick Palmieri                                     40     1   4  0  

Penalty Kill - 3 Players Defense
   Defense                  Defense                  Time % Phy DF OF 
 1 Drew Doughty             Andrej Sekera            60     1   4  0  
 2 Andrej Sekera            Joni Pitkanen            40     1   4  0  

4 vs 4 Forward 
   Center                   Wing                     Time % Phy DF OF 
 1 Jason Spezza             Nick Palmieri            60     1   2  2  
 2 Mike Cammalleri          Brandon Dubinsky         40     1   2  2  

4 vs 4 Defense
   Defense                  Defense                  Time % Phy DF OF 
 1 Drew Doughty             Tyler Cuma               60     1   2  2  
 2 Joni Pitkanen            PK Subban                40     1   2  2  

Last Minutes Offensive
   Center                   Left Wing                Right Wing               Defense                  Defense                  
   Jason Spezza             Mike Cammalleri          Nick Palmieri            Drew Doughty             PK Subban                

Last Minutes Defensive
   Center                   Left Wing                Right Wing               Defense                  Defense                  
   Jason Spezza             Milan Michalek           Nick Palmieri            Drew Doughty             Andrej Sekera            

Goaltenders
Starting : Ryan Miller              
Backup : Tyler Weiman             

Extra Forwards
Normal : Milan Michalek, Bobby Butler, Zach Boychuk - PP : Milan Michalek, Bobby Butler - PK : Zach Boychuk
Extra Defensemen
Normal : Andrej Sekera, Brayden McNabb, Joni Pitkanen - PP : Andrej Sekera - PK : Brayden McNabb, Joni Pitkanen
Penalty Shots
Jason Spezza, Nick Palmieri, Mike Cammalleri, Brandon Dubinsky, Milan Michalek

Scratches
David Rundblad (Healthy)

% Time on Ice - Flyers

Lines # - Real PCT - Wanted PCT - Time Play
Normal Forward
1 - 30% - 33% - 13:49
2 - 30% - 32% - 13:37
3 - 23% - 25% - 10:41
4 - 16% - 10% - 7:28
Normal Defense
1 - 33% - 30% - 14:50
2 - 31% - 30% - 13:58
3 - 32% - 30% - 14:32
4 - 5% - 10% - 2:15
PP Forward
1 - 51% - 50% - 4:51
2 - 49% - 50% - 4:41
PP Defense
1 - 48% - 50% - 4:34
2 - 52% - 50% - 4:58
PK Forward
1 - 53% - 50% - 1:55
2 - 47% - 50% - 1:43
PK Defense
1 - 66% - 50% - 2:23
2 - 34% - 50% - 1:15
PK3 Forward
1 - 0% - 50%
2 - 0% - 50%
PK3 Defense
1 - 0% - 50%
2 - 0% - 50%
44 Forward
1 - 0% - 50%
2 - 0% - 50%
44 Defense
1 - 0% - 50%
2 - 0% - 50%
Last Minute Offensive  - 1:15
Last Minute Defensive  - 0:00
Total
Forward - 60:00
Defense - 60:00

% Time on Ice - Sharks

Lines # - Real PCT - Wanted PCT - Time Play
Normal Forward
1 - 37% - 40% - 17:01
2 - 29% - 30% - 13:18
3 - 21% - 20% - 9:25
4 - 13% - 10% - 6:05
Normal Defense
1 - 39% - 40% - 17:58
2 - 33% - 30% - 14:55
3 - 25% - 20% - 11:14
4 - 4% - 10% - 1:42
PP Forward
1 - 66% - 60% - 2:24
2 - 34% - 40% - 1:14
PP Defense
1 - 68% - 60% - 2:29
2 - 32% - 40% - 1:09
PK Forward
1 - 73% - 60% - 7:00
2 - 27% - 40% - 2:32
PK Defense
1 - 55% - 60% - 5:15
2 - 45% - 40% - 4:17
PK3 Forward
1 - 0% - 60%
2 - 0% - 40%
PK3 Defense
1 - 0% - 60%
2 - 0% - 40%
44 Forward
1 - 0% - 60%
2 - 0% - 40%
44 Defense
1 - 0% - 60%
2 - 0% - 40%
Last Minute Offensive  - 0:00
Last Minute Defensive  - 1:01
Total
Forward - 60:00
Defense - 60:00

Play-by-Play

1st period


0:01 of 1st period - Jeff Carter wins face-off versus Jason Spezza in neutral zone.
0:04 of 1st period - Nick Palmieri is hit by J.T. Miller and loses puck.
0:26 of 1st period - Minor Penalty to Tyler Cuma for Holding.
0:27 of 1st period - Jeff Carter wins face-off versus Jason Spezza in Sharks zone.
0:38 of 1st period - Snap shot by Drew Doughty.
0:38 of 1st period - Shot Blocked by J.T. Miller.
2:26 of 1st period - Penalty to Tyler Cuma is over, Tyler Cuma is back on ice.
3:20 of 1st period - Wrist shot by Matthew Lombardi.
3:20 of 1st period - Stopped by Ryan Miller without a rebound.
3:21 of 1st period - T.J. Hensick wins face-off versus Erik Christensen in Sharks zone.
3:37 of 1st period - Minor Penalty to Mats Zuccarello for Boarding.
3:38 of 1st period - Jordan Nolan wins face-off versus T.J. Hensick in Flyers zone.
4:04 of 1st period - Drew Doughty is hit by Oliver Ekman-Larsson and loses puck.
5:37 of 1st period - Penalty to Mats Zuccarello is over, Mats Zuccarello is back on ice.
5:42 of 1st period - Wrist shot by Marcus Kruger.
5:42 of 1st period - Deflect By Jeff Carter.
5:42 of 1st period - Shot Blocked by Tyler Cuma.
5:42 of 1st period - Puck is out of play.
5:43 of 1st period - Zach Boychuk wins face-off versus Jeff Carter in Sharks zone.
6:20 of 1st period - Jakub Voracek is hit by Milan Michalek and loses puck.
6:48 of 1st period - Chris Mcallister is hit by Jason Spezza.
7:19 of 1st period - Snap shot by Mats Zuccarello.
7:19 of 1st period - Shot Misses the Net.
7:50 of 1st period - Off-side.
7:51 of 1st period - Jason Spezza wins face-off versus Jeff Carter in neutral zone.
8:40 of 1st period - Snap shot by Bobby Butler.
8:40 of 1st period - Deflect By Milan Michalek.
8:40 of 1st period - Stopped by Steve Mason without a rebound.
8:41 of 1st period - Mike Cammalleri wins face-off versus Erik Christensen in Flyers zone.
8:48 of 1st period - Snap shot by Nick Palmieri.
8:48 of 1st period - Stopped by Steve Mason with a rebound.
9:00 of 1st period - Slapshot by Drew Miller.
9:00 of 1st period - Stopped by Ryan Miller without a rebound.
9:01 of 1st period - Jakub Voracek wins face-off versus T.J. Hensick in Sharks zone.
9:40 of 1st period - Backhand shot by Jakub Voracek.
9:40 of 1st period - Stopped by Ryan Miller without a rebound.
9:41 of 1st period - Jeff Carter wins face-off versus Jason Spezza in Sharks zone.
10:06 of 1st period - Oliver Ekman-Larsson is hit by Oskar Osala and loses puck.
10:52 of 1st period - Nick Palmieri is hit by Brock Nelson and loses puck.
11:11 of 1st period - Wrist shot by J.T. Miller.
11:11 of 1st period - Shot Misses the Net.
11:31 of 1st period - Snap shot by Mats Zuccarello.
11:31 of 1st period - Deflect By Drew Miller.
11:31 of 1st period - Stopped by Ryan Miller with a rebound.
11:33 of 1st period - Snap shot by Drew Miller.
11:33 of 1st period - Goal by Drew Miller - Flyers : 1 - Sharks : 0.
11:34 of 1st period - Jordan Nolan wins face-off versus Jason Spezza in neutral zone.
11:57 of 1st period - Jonathan Ericsson is hit by Mike Cammalleri and loses puck.
12:20 of 1st period - Snap shot by Brock Nelson.
12:20 of 1st period - Stopped by Ryan Miller without a rebound.
12:21 of 1st period - Jeff Carter wins face-off versus T.J. Hensick in Sharks zone.
12:36 of 1st period - Wrist shot by Oskar Osala.
12:36 of 1st period - Shot Blocked by J.T. Miller.
12:53 of 1st period - Wrist shot by Mats Zuccarello.
12:53 of 1st period - Shot Misses the Net.
12:55 of 1st period - Snap shot by Erik Christensen.
12:55 of 1st period - Stopped by Ryan Miller without a rebound.
12:56 of 1st period - Jeff Carter wins face-off versus T.J. Hensick in Sharks zone.
12:57 of 1st period - Snap shot by J.T. Miller.
12:57 of 1st period - Shot Misses the Net.
13:27 of 1st period - Slapshot by Oliver Ekman-Larsson.
13:27 of 1st period - Deflect By Jakub Voracek.
13:27 of 1st period - Stopped by Ryan Miller with a rebound.
13:29 of 1st period - Snap shot by Jonathan Ericsson.
13:29 of 1st period - Stopped by Ryan Miller without a rebound.
13:30 of 1st period - T.J. Hensick wins face-off versus Jeff Carter in Sharks zone.
13:55 of 1st period - Jordan Nolan is hit by PK Subban and loses puck.
14:04 of 1st period - Snap shot by Nick Palmieri.
14:04 of 1st period - Stopped by Steve Mason with a rebound.
14:06 of 1st period - Snap shot by Jason Spezza.
14:06 of 1st period - Stopped by Steve Mason with a rebound.
14:22 of 1st period - Drew Miller is hit by Milan Michalek and loses puck.
14:39 of 1st period - Jeff Carter is hit by Boone Jenner and loses puck.
15:26 of 1st period - Icing by Brayden McNabb.
15:27 of 1st period - Oskar Osala wins face-off versus Jordan Nolan in Sharks zone.
16:06 of 1st period - Slapshot by T.J. Hensick.
16:06 of 1st period - Stopped by Steve Mason without a rebound.
16:07 of 1st period - Erik Christensen wins face-off versus Jason Spezza in Flyers zone.
16:16 of 1st period - Snap shot by Jason Spezza.
16:16 of 1st period - Shot Misses the Net.
16:18 of 1st period - Slapshot by Tyler Cuma.
16:18 of 1st period - Stopped by Steve Mason with a rebound.
16:20 of 1st period - Snap shot by Drew Doughty.
16:20 of 1st period - Stopped by Steve Mason with a rebound.
16:22 of 1st period - Snap shot by Mike Cammalleri.
16:22 of 1st period - Stopped by Steve Mason with a rebound.
17:15 of 1st period - Brock Nelson is hit by Mike Cammalleri and loses puck.
17:20 of 1st period - Snap shot by Nick Palmieri.
17:20 of 1st period - Stopped by Steve Mason with a rebound.
17:22 of 1st period - Wrist shot by Nick Palmieri.
17:22 of 1st period - Stopped by Steve Mason without a rebound.
17:23 of 1st period - Jeff Carter wins face-off versus Jason Spezza in Flyers zone.
17:23 of 1st period - Jeff Carter is hit by Drew Doughty.
17:55 of 1st period - Snap shot by Tyler Cuma.
17:55 of 1st period - Stopped by Steve Mason with a rebound.
18:00 of 1st period - Off-side.
18:01 of 1st period - Jason Spezza wins face-off versus Jeff Carter in neutral zone.
18:10 of 1st period - Snap shot by Mike Cammalleri.
18:10 of 1st period - Stopped by Steve Mason without a rebound.
18:11 of 1st period - J.T. Miller wins face-off versus Jason Spezza in Flyers zone.
18:16 of 1st period - Snap shot by J.T. Miller.
18:16 of 1st period - Stopped by Ryan Miller with a rebound.
18:18 of 1st period - Slapshot by Nathan Beaulieu.
18:18 of 1st period - Deflect By Marcus Kruger.
18:18 of 1st period - Shot Misses the Net.
18:18 of 1st period - Puck is out of play.
18:19 of 1st period - Jason Spezza wins face-off versus Drew Miller in Sharks zone.
18:32 of 1st period - Backhand shot by Drew Doughty.
18:32 of 1st period - Deflect By Nick Palmieri.
18:32 of 1st period - Shot Blocked by Drew Miller.
18:32 of 1st period - Puck is out of play.
18:33 of 1st period - T.J. Hensick wins face-off versus Jordan Nolan in Flyers zone.
18:36 of 1st period - Wrist shot by Brandon Dubinsky.
18:36 of 1st period - Stopped by Steve Mason with a rebound.
18:38 of 1st period - Wrist shot by Oskar Osala.
18:38 of 1st period - Shot Misses the Net.
18:40 of 1st period - Wrist shot by Oskar Osala.
18:40 of 1st period - Stopped by Steve Mason with a rebound.
18:42 of 1st period - Slapshot by PK Subban.
18:42 of 1st period - Shot Misses the Net.
19:01 of 1st period - Off-side.
19:02 of 1st period - Marcus Kruger wins face-off versus Jason Spezza in neutral zone.
19:43 of 1st period - Snap shot by Jason Spezza.
19:43 of 1st period - Shot Misses the Net.
19:45 of 1st period - Slapshot by Drew Doughty.
19:45 of 1st period - Deflect By Jeff Carter.
19:45 of 1st period - Stopped by Steve Mason without a rebound.
19:46 of 1st period - Erik Christensen wins face-off versus Luke Adam in Flyers zone.
19:57 of 1st period - Snap shot by Erik Christensen.
19:57 of 1st period - Deflect By Mats Zuccarello.
19:57 of 1st period - Shot Misses the Net.
19:57 of 1st period - Puck is out of play.
19:58 of 1st period - T.J. Hensick wins face-off versus Jordan Nolan in Sharks zone.
19:58 of 1st period - T.J. Hensick is hit by Jordan Nolan.
Goals for this period are 1 for Flyers vs 0 for Sharks.
Shots for this period are 10 for Flyers vs 15 for Sharks.

2nd period


0:01 of 2nd period - T.J. Hensick wins face-off versus Jordan Nolan in neutral zone.
0:16 of 2nd period - PK Subban is hit by Jordan Nolan and loses puck.
0:51 of 2nd period - Slapshot by Jeff Woywitka.
0:51 of 2nd period - Stopped by Ryan Miller with a rebound.
1:01 of 2nd period - Slapshot by Drew Doughty.
1:01 of 2nd period - Stopped by Steve Mason with a rebound.
1:23 of 2nd period - Snap shot by Jeff Carter.
1:23 of 2nd period - Shot Misses the Net.
1:56 of 2nd period - Jason Spezza is hit by Oliver Ekman-Larsson.
2:04 of 2nd period - Snap shot by Jason Spezza.
2:04 of 2nd period - Shot Misses the Net.
2:29 of 2nd period - Slapshot by Matthew Lombardi.
2:29 of 2nd period - Stopped by Ryan Miller with a rebound.
2:49 of 2nd period - Wrist shot by Jiri Tlusty.
2:49 of 2nd period - Deflect By Zach Boychuk.
2:49 of 2nd period - Goal by Zach Boychuk - Flyers : 1 - Sharks : 1.
2:50 of 2nd period - Jakub Voracek wins face-off versus Jason Spezza in neutral zone.
3:01 of 2nd period - Snap shot by Jordan Nolan.
3:01 of 2nd period - Stopped by Ryan Miller without a rebound.
3:02 of 2nd period - Jordan Nolan wins face-off versus Jason Spezza in Sharks zone.
3:05 of 2nd period - Wrist shot by Jakub Voracek.
3:05 of 2nd period - Shot Misses the Net.
3:27 of 2nd period - Drew Doughty is hit by Mats Zuccarello and loses puck.
4:29 of 2nd period - Brian Lashoff is hit by Nick Palmieri and loses puck.
4:36 of 2nd period - Snap shot by Mike Cammalleri.
4:36 of 2nd period - Stopped by Steve Mason with a rebound.
4:38 of 2nd period - Slapshot by Andrej Sekera.
4:38 of 2nd period - Stopped by Steve Mason without a rebound.
4:39 of 2nd period - T.J. Hensick wins face-off versus Jeff Carter in Flyers zone.
4:40 of 2nd period - Wrist shot by Oskar Osala.
4:40 of 2nd period - Deflect By Brandon Dubinsky.
4:40 of 2nd period - Shot Misses the Net.
4:40 of 2nd period - Puck is out of play.
4:41 of 2nd period - Jeff Carter wins face-off versus T.J. Hensick in Flyers zone.
4:41 of 2nd period - J.T. Miller is hit by Oskar Osala and loses puck.
4:48 of 2nd period - Slapshot by Jeff Carter.
4:48 of 2nd period - Stopped by Ryan Miller with a rebound.
4:50 of 2nd period - Slapshot by Matt Smaby.
4:50 of 2nd period - Stopped by Ryan Miller without a rebound.
4:51 of 2nd period - Jordan Nolan wins face-off versus Jason Spezza in Sharks zone.
4:54 of 2nd period - Snap shot by Jakub Voracek.
4:54 of 2nd period - Shot Misses the Net.
5:00 of 2nd period - Snap shot by PK Subban.
5:00 of 2nd period - Shot Misses the Net.
5:02 of 2nd period - Snap shot by PK Subban.
5:02 of 2nd period - Stopped by Steve Mason with a rebound.
5:04 of 2nd period - Snap shot by Mike Cammalleri.
5:04 of 2nd period - Shot Misses the Net.
5:06 of 2nd period - Slapshot by Jason Spezza.
5:06 of 2nd period - Goal by Jason Spezza - Flyers : 1 - Sharks : 2.
5:07 of 2nd period - Jason Spezza wins face-off versus Erik Christensen in neutral zone.
5:36 of 2nd period - Off-side.
5:37 of 2nd period - T.J. Hensick wins face-off versus Jordan Nolan in neutral zone.
5:40 of 2nd period - Jordan Nolan is hit by Oskar Osala and loses puck.
5:53 of 2nd period - Snap shot by Jordan Nolan.
5:53 of 2nd period - Stopped by Ryan Miller without a rebound.
5:54 of 2nd period - Jeff Carter wins face-off versus Jason Spezza in Sharks zone.
6:04 of 2nd period - Minor Penalty to Nick Palmieri for Tripping.
6:05 of 2nd period - Jason Spezza wins face-off versus Jordan Nolan in Sharks zone.
6:31 of 2nd period - PK Subban is hit by Jeff Carter and loses puck.
7:40 of 2nd period - Wrist shot by Marcus Kruger.
7:40 of 2nd period - Goal by Marcus Kruger - Flyers : 2 - Sharks : 2.
7:41 of 2nd period - Jordan Nolan wins face-off versus T.J. Hensick in neutral zone.
7:58 of 2nd period - Icing by T.J. Hensick.
7:59 of 2nd period - Erik Christensen wins face-off versus T.J. Hensick in Sharks zone.
8:28 of 2nd period - Oliver Ekman-Larsson is hit by Nick Palmieri.
8:48 of 2nd period - Slapshot by Jonathan Ericsson.
8:48 of 2nd period - Stopped by Ryan Miller with a rebound.
9:13 of 2nd period - Icing by PK Subban.
9:14 of 2nd period - Jeff Carter wins face-off versus Boone Jenner in Sharks zone.
9:25 of 2nd period - Snap shot by Marcus Kruger.
9:25 of 2nd period - Shot Blocked by PK Subban.
9:27 of 2nd period - Snap shot by Marcus Kruger.
9:27 of 2nd period - Stopped by Ryan Miller with a rebound.
9:29 of 2nd period - Wrist shot by J.T. Miller.
9:29 of 2nd period - Shot Misses the Net.
9:31 of 2nd period - Wrist shot by J.T. Miller.
9:31 of 2nd period - Shot Misses the Net.
9:41 of 2nd period - Andrej Sekera is hit by Jordan Nolan and loses puck.
10:13 of 2nd period - Minor Penalty to Mats Zuccarello for Hooking.
10:14 of 2nd period - Jordan Nolan wins face-off versus Jason Spezza in Flyers zone.
10:28 of 2nd period - Slapshot by Drew Doughty.
10:28 of 2nd period - Stopped by Steve Mason without a rebound.
10:29 of 2nd period - Jason Spezza wins face-off versus Jordan Nolan in Flyers zone.
10:40 of 2nd period - Slapshot by Drew Doughty.
10:40 of 2nd period - Stopped by Steve Mason with a rebound.
11:36 of 2nd period - Backhand shot by Nick Palmieri.
11:36 of 2nd period - Stopped by Steve Mason without a rebound.
11:37 of 2nd period - T.J. Hensick wins face-off versus Matthew Lombardi in Flyers zone.
11:52 of 2nd period - Snap shot by Oskar Osala.
11:52 of 2nd period - Goal by Oskar Osala - Flyers : 2 - Sharks : 3.
11:53 of 2nd period - T.J. Hensick wins face-off versus Jeff Carter in neutral zone.
12:00 of 2nd period - Jeff Carter is hit by Oskar Osala and loses puck.
13:01 of 2nd period - Icing by Jason Spezza.
13:02 of 2nd period - Erik Christensen wins face-off versus Jason Spezza in Sharks zone.
13:39 of 2nd period - Wrist shot by Jakub Voracek.
13:39 of 2nd period - Stopped by Ryan Miller with a rebound.
14:05 of 2nd period - Icing by T.J. Hensick.
14:06 of 2nd period - Jeff Carter wins face-off versus T.J. Hensick in Sharks zone.
14:09 of 2nd period - Wrist shot by Jeff Carter.
14:09 of 2nd period - Stopped by Ryan Miller with a rebound.
14:39 of 2nd period - Slapshot by Erik Christensen.
14:39 of 2nd period - Shot Misses the Net.
15:03 of 2nd period - Slapshot by Jiri Tlusty.
15:03 of 2nd period - Stopped by Steve Mason with a rebound.
15:32 of 2nd period - Icing by Matthew Lombardi.
15:33 of 2nd period - Matthew Lombardi wins face-off versus T.J. Hensick in Flyers zone.
15:38 of 2nd period - Snap shot by Jeff Carter.
15:38 of 2nd period - Stopped by Ryan Miller without a rebound.
15:39 of 2nd period - T.J. Hensick wins face-off versus Jeff Carter in Sharks zone.
16:06 of 2nd period - Jeff Woywitka is hit by Mike Cammalleri and loses puck.
16:32 of 2nd period - Minor Penalty to Joni Pitkanen for Holding.
16:33 of 2nd period - Jason Spezza wins face-off versus Jordan Nolan in Sharks zone.
16:45 of 2nd period - Wrist shot by Jakub Voracek.
16:45 of 2nd period - Shot Blocked by PK Subban.
16:47 of 2nd period - Snap shot by Drew Miller.
16:47 of 2nd period - Shot Misses the Net.
17:54 of 2nd period - Drew Doughty is hit by Jakub Voracek and loses puck.
18:32 of 2nd period - Penalty to Joni Pitkanen is over, Joni Pitkanen is back on ice.
19:26 of 2nd period - Oskar Osala is hit by Matt Smaby and loses puck.
Goals for this period are 1 for Flyers vs 3 for Sharks.
Shots for this period are 12 for Flyers vs 11 for Sharks.

3rd period


0:01 of 3rd period - Jeff Carter wins face-off versus Jason Spezza in neutral zone.
0:04 of 3rd period - Drew Doughty is hit by Jeff Woywitka and loses puck.
0:13 of 3rd period - Nick Palmieri is hit by Jeff Carter and loses puck.
1:32 of 3rd period - Off-side.
1:33 of 3rd period - Jeff Carter wins face-off versus Jason Spezza in neutral zone.
1:46 of 3rd period - Wrist shot by Jeff Carter.
1:46 of 3rd period - Stopped by Ryan Miller with a rebound.
2:42 of 3rd period - Snap shot by Erik Christensen.
2:42 of 3rd period - Stopped by Ryan Miller without a rebound.
2:43 of 3rd period - Matthew Lombardi wins face-off versus Jason Spezza in Sharks zone.
2:46 of 3rd period - Snap shot by Ryan Callahan.
2:46 of 3rd period - Deflect By Chris Mcallister.
2:46 of 3rd period - Stopped by Ryan Miller with a rebound.
2:50 of 3rd period - Snap shot by Matthew Lombardi.
2:50 of 3rd period - Shot Misses the Net.
3:05 of 3rd period - Icing by Joni Pitkanen.
3:06 of 3rd period - Jason Spezza wins face-off versus Jeff Carter in Sharks zone.
3:11 of 3rd period - Snap shot by Joni Pitkanen.
3:11 of 3rd period - Stopped by Steve Mason without a rebound.
3:12 of 3rd period - T.J. Hensick wins face-off versus Jeff Carter in Flyers zone.
3:30 of 3rd period - Minor Penalty to T.J. Hensick for Hooking.
3:31 of 3rd period - Jordan Nolan wins face-off versus Jason Spezza in Sharks zone.
3:57 of 3rd period - PK Subban is hit by Marcus Kruger and loses puck.
5:30 of 3rd period - Penalty to T.J. Hensick is over, T.J. Hensick is back on ice.
6:10 of 3rd period - Icing by PK Subban.
6:11 of 3rd period - Bobby Butler wins face-off versus Erik Christensen in Sharks zone.
6:18 of 3rd period - Snap shot by Milan Michalek.
6:18 of 3rd period - Shot Misses the Net.
6:20 of 3rd period - Wrist shot by PK Subban.
6:20 of 3rd period - Shot Hit the Post.
6:22 of 3rd period - Slapshot by Drew Doughty.
6:22 of 3rd period - Deflect By Milan Michalek.
6:22 of 3rd period - Stopped by Steve Mason without a rebound.
6:23 of 3rd period - Jeff Carter wins face-off versus Jason Spezza in Flyers zone.
6:23 of 3rd period - Jeff Carter is hit by Nick Palmieri.
6:33 of 3rd period - Drew Doughty is hit by Brian Lashoff and loses puck.
6:43 of 3rd period - Icing by Drew Doughty.
6:44 of 3rd period - Jason Spezza wins face-off versus Jordan Nolan in Sharks zone.
7:03 of 3rd period - Wrist shot by Nick Palmieri.
7:03 of 3rd period - Deflect By Mike Cammalleri.
7:03 of 3rd period - Stopped by Steve Mason with a rebound.
7:11 of 3rd period - Jakub Voracek is hit by Jason Spezza and loses puck.
7:26 of 3rd period - Slapshot by Nick Palmieri.
7:26 of 3rd period - Stopped by Steve Mason without a rebound.
7:27 of 3rd period - Jeff Carter wins face-off versus T.J. Hensick in Flyers zone.
7:36 of 3rd period - Wrist shot by Marcus Kruger.
7:36 of 3rd period - Shot Misses the Net.
7:38 of 3rd period - Wrist shot by Marcus Kruger.
7:38 of 3rd period - Deflect By Jeff Carter.
7:38 of 3rd period - Shot Blocked by Andrej Sekera.
7:38 of 3rd period - Puck is out of play.
7:39 of 3rd period - Jeff Carter wins face-off versus T.J. Hensick in Sharks zone.
7:40 of 3rd period - Wrist shot by Marcus Kruger.
7:40 of 3rd period - Stopped by Ryan Miller without a rebound.
7:41 of 3rd period - T.J. Hensick wins face-off versus Marcus Kruger in Sharks zone.
8:31 of 3rd period - Erik Christensen is hit by Milan Michalek and loses puck.
8:48 of 3rd period - Ryan Callahan is hit by Brandon Dubinsky and loses puck.
8:54 of 3rd period - Off-side.
8:55 of 3rd period - Jeff Carter wins face-off versus T.J. Hensick in neutral zone.
9:04 of 3rd period - Snap shot by Oskar Osala.
9:04 of 3rd period - Stopped by Steve Mason with a rebound.
9:06 of 3rd period - Slapshot by Andrej Sekera.
9:06 of 3rd period - Shot Blocked by Nathan Beaulieu.
9:08 of 3rd period - Slapshot by PK Subban.
9:08 of 3rd period - Deflect By Jeff Woywitka.
9:08 of 3rd period - Stopped by Steve Mason with a rebound.
9:16 of 3rd period - Slapshot by Brandon Dubinsky.
9:16 of 3rd period - Shot Misses the Net.
9:18 of 3rd period - Snap shot by Oskar Osala.
9:18 of 3rd period - Stopped by Steve Mason without a rebound.
9:19 of 3rd period - Jason Spezza wins face-off versus Jordan Nolan in Flyers zone.
9:26 of 3rd period - Slapshot by Nick Palmieri.
9:26 of 3rd period - Stopped by Steve Mason with a rebound.
10:03 of 3rd period - Mats Zuccarello is hit by Bobby Butler and loses puck.
10:22 of 3rd period - Snap shot by J.T. Miller.
10:22 of 3rd period - Deflect By Marcus Kruger.
10:22 of 3rd period - Stopped by Ryan Miller without a rebound.
10:23 of 3rd period - Jason Spezza wins face-off versus Jeff Carter in Sharks zone.
10:28 of 3rd period - Slapshot by Drew Doughty.
10:28 of 3rd period - Shot Misses the Net.
10:40 of 3rd period - Snap shot by Marcus Kruger.
10:40 of 3rd period - Stopped by Ryan Miller with a rebound.
11:10 of 3rd period - Wrist shot by Jakub Voracek.
11:10 of 3rd period - Deflect By Oskar Osala.
11:10 of 3rd period - Shot Misses the Net.
11:10 of 3rd period - Puck is out of play.
11:11 of 3rd period - Luke Adam wins face-off versus Erik Christensen in Sharks zone.
11:20 of 3rd period - Wrist shot by Erik Christensen.
11:20 of 3rd period - Stopped by Ryan Miller with a rebound.
11:22 of 3rd period - Wrist shot by Mats Zuccarello.
11:22 of 3rd period - Stopped by Ryan Miller without a rebound.
11:23 of 3rd period - Jeff Carter wins face-off versus Nick Palmieri in Sharks zone.
11:36 of 3rd period - Jason Spezza is hit by Nathan Beaulieu and loses puck.
11:49 of 3rd period - T.J. Hensick is hit by Jeff Woywitka and loses puck.
12:10 of 3rd period - Slapshot by Nathan Beaulieu.
12:10 of 3rd period - Shot Blocked by Drew Doughty.
12:12 of 3rd period - Snap shot by Mats Zuccarello.
12:12 of 3rd period - Deflect By Erik Christensen.
12:12 of 3rd period - Stopped by Ryan Miller with a rebound.
12:14 of 3rd period - Snap shot by Drew Miller.
12:14 of 3rd period - Stopped by Ryan Miller with a rebound.
12:16 of 3rd period - Snap shot by Jeff Woywitka.
12:16 of 3rd period - Stopped by Ryan Miller without a rebound.
12:17 of 3rd period - Erik Christensen wins face-off versus Jason Spezza in Sharks zone.
12:23 of 3rd period - Minor Penalty to Tyler Cuma for Holding.
12:24 of 3rd period - Jason Spezza wins face-off versus Jordan Nolan in Sharks zone.
13:37 of 3rd period - Slapshot by Drew Miller.
13:37 of 3rd period - Stopped by Ryan Miller with a rebound.
13:39 of 3rd period - Backhand shot by Drew Miller.
13:39 of 3rd period - Shot Blocked by Brayden McNabb.
13:41 of 3rd period - Slapshot by Drew Miller.
13:41 of 3rd period - Deflect By Brayden McNabb.
13:41 of 3rd period - Shot Blocked by Brayden McNabb.
13:41 of 3rd period - Puck is out of play.
13:42 of 3rd period - Mike Cammalleri wins face-off versus Jeff Carter in Sharks zone.
14:23 of 3rd period - Penalty to Tyler Cuma is over, Tyler Cuma is back on ice.
14:51 of 3rd period - Snap shot by Tyler Cuma.
14:51 of 3rd period - Shot Misses the Net.
14:53 of 3rd period - Slapshot by Brayden McNabb.
14:53 of 3rd period - Stopped by Steve Mason with a rebound.
14:59 of 3rd period - Snap shot by PK Subban.
14:59 of 3rd period - Shot Misses the Net.
15:01 of 3rd period - Wrist shot by Nick Palmieri.
15:01 of 3rd period - Shot Misses the Net.
15:03 of 3rd period - Wrist shot by Drew Doughty.
15:03 of 3rd period - Stopped by Steve Mason without a rebound.
15:04 of 3rd period - Luke Adam wins face-off versus Matthew Lombardi in Flyers zone.
15:05 of 3rd period - Slapshot by Joni Pitkanen.
15:05 of 3rd period - Shot Hit the Post.
15:11 of 3rd period - Wrist shot by Ryan Callahan.
15:11 of 3rd period - Stopped by Ryan Miller without a rebound.
15:12 of 3rd period - Luke Adam wins face-off versus Matthew Lombardi in Sharks zone.
15:17 of 3rd period - Matthew Lombardi is hit by Luke Adam and loses puck.
16:00 of 3rd period - Wrist shot by Chris Mcallister.
16:00 of 3rd period - Shot Blocked by Milan Michalek.
16:22 of 3rd period - Snap shot by Chris Mcallister.
16:22 of 3rd period - Shot Blocked by Brayden McNabb.
16:24 of 3rd period - Slapshot by Matt Smaby.
16:24 of 3rd period - Deflect By Matthew Lombardi.
16:24 of 3rd period - Stopped by Ryan Miller without a rebound.
16:25 of 3rd period - Jason Spezza wins face-off versus Erik Christensen in Sharks zone.
16:25 of 3rd period - Jason Spezza is hit by Erik Christensen.
18:20 of 3rd period - Jordan Nolan is hit by Brayden McNabb.
19:01 of 3rd period - Flyers, Steve Mason is pulled from the net.
19:01 of 3rd period - Slapshot by J.T. Miller.
19:01 of 3rd period - Stopped by Ryan Miller with a rebound.
19:03 of 3rd period - Snap shot by Jeff Carter.
19:03 of 3rd period - Stopped by Ryan Miller with a rebound.
19:15 of 3rd period - Jeff Carter is hit by Jason Spezza and loses puck.
19:32 of 3rd period - Snap shot by Jeff Carter.
19:32 of 3rd period - Stopped by Ryan Miller without a rebound.
19:33 of 3rd period - Pat Quinn call a timeout for Flyers.
19:33 of 3rd period - Jeff Carter wins face-off versus Jason Spezza in Sharks zone.
Goals for this period are 0 for Flyers vs 0 for Sharks.
Shots for this period are 17 for Flyers vs 10 for Sharks.